[Event "*** Qualifier 2: Titled Tuesday 3|2 Blitz"]
[Site "Chess.com"]
[Date "2017.04.11"]
[Round "6"]
[White "Th3ChessViking"]
[Black "likantrophuss"]
[Result "1/2-1/2"]
[WhiteElo "2285"]
[BlackElo "2393"]
[TimeControl "180+2"]
[EndTime "14:31:22 PDT"]
[Termination "Game drawn by agreement"]

1. c4 f5 2. g3 Nf6 3. Bg2 g6 4. Nf3 Bg7 5. O-O O-O 6. Nc3 d6 7. d3 e5 8. Rb1 Nh5 9. Qc2 Nc6 10.
b4 a6 11. a4 Ne7 12. b5 axb5 13. axb5 Rb8 14. Bb2 b6 15. Ra1 f4 16. Ra7 Bg4 17.
Rfa1 Qd7 18. Nd2 fxg3 19. hxg3 Bh3 20. Bh1 Qg4 21. Bf3 Qd7 22. Ra8 Rxa8 23. Rxa8 Rxa8 24.
Bxa8 Nf5 25. Nf3 Bg4 26. Ne4 Bxf3 27. exf3 Nf6 28. Qa4 Nxe4 29. fxe4 Ne7 30. Kg2 Bh6 31. Qa7 Bd2 32. Qb8+ Kg7 33. Bd5 Qc8 34. Qa7 g5 35. Bb7 Qd8 36. Qa2 Bb4 37. Qb1 Bc5 38. Qd1 Qf8 39. Qe2 Kg6 40. Bc1 h5 41. Bd2 Qf6 42.
Be1 Ng8 43. Bc8 Nh6 44. f3 Qd8 45. Be6 Qa8 46. Qb2 Qa4 47. Bd7 Qd1 48. Qd2 Qb1 49. Be8+ Kf6 50. Bxh5 Ng8 51. Bg4 Ne7 52. f4 gxf4 53.
gxf4 Ng6 54. fxe5+ dxe5 55. Bf3 Nf4+ 56. Kh2 Qxd3 57.
Bh4+ Ke6 58. Qxd3 Nxd3 59. Bd8 Kd7 60. Bf6 Ke6 61. Bg7 Be7 62. Bg4+ Kd6 63. Be2 Nf4 64. Bf1 Nh5 65. Bh8 Bf6 66. Be2 Nf4 67. Bxf6 Nxe2 68. Kg2 Nc1 69. Kf3 Ke6 70. Bd8 Kd7 71. Bf6 Ke6 72. Bd8 Kd6 73. Ke3 Nb3 74.
Kd3 Nc5+ 75. Ke3 Ne6 76. Bf6 Nf8 77. Kd3 Nd7 78. Bd8 Nc5+ 79. Ke3 Nb7 80. Bf6 Ke6 81. Bg5 Nd6 82. Kd3 Nf7 83. Bh4 Kd6 84. Bf6 Ke6 85. Bh4 Nd6 86. Bd8 Ne8 87. Bh4 Kf7 88. Bd8 Kg6 89. Ke3 Kh5 90. Kf3 Kg6 91. Ke3 Kf7 92. Kd3 Ke6 93. Ke3 Kd7 94. Bg5 Nd6 95.
Kd3 Nb7 96. Bf6 Ke6 97. Bg5 Nc5+ 98. Ke3 Na4 99. Bd8 Kd6 100. Kd3 Nb2+ 101. Kc3 Nd1+ 102. Kd2 Nb2 103. Kc3 Nd1+ 104. Kd2 Nf2 105. Ke3 Ng4+ 106. Kf3 Nh6 107. Ke3 Nf7 108. Bf6 c6 109. bxc6 Kxc6 110. Kd3 Kd6 111. Kc3 Ke6 112. Bh4 Nd6 113. Kd3 Nb7 114. Bf2 Nc5+ 115. Bxc5 bxc5 116. Ke2 Kf6 117. Kf2 Kg6 118. Kg2 Kh6 119. Kh2 Kg6 120. Kg2 Kh6 121. Kh2 1/2-1/2

[Event "*** Qualifier 2: Titled Tuesday 3|2 Blitz"]
[Site "Chess.com"]
[Date "2017.04.11"]
[Round "7"]
[White "Sanan_Sjugirov"]
[Black "Gabix_94"]
[Result "1-0"]
[WhiteElo "2685"]
[BlackElo "2524"]
[TimeControl "180+2"]
[EndTime "14:35:17 PDT"]
[Termination "Sanan_Sjugirov won by resignation"]

1. d4 Nf6 2. Nf3 c5 3. d5 b5 4.
Bg5 Qb6 5. Bxf6 Qxf6 6. c3 d6 7. e3 a6 8. Nbd2 Nd7 9. a4 b4 10. cxb4 cxb4 11. Nd4 Bb7 12. Bc4 g6 13. a5 Bg7 14.
Qa4 O-O 15. Qxd7 Rab8 16. O-O Rfc8 17. Rac1 h5 18. b3 Rc5 19. Ne4 Qh4 1-0

[Event "*** Qualifier 2: Titled Tuesday 3|2 Blitz"]
[Site "Chess.com"]
[Date "2017.04.11"]
[Round "7"]
[White "MattyDPerrine"]
[Black "feigelag"]
[Result "0-1"]
[WhiteElo "2283"]
[BlackElo "2225"]
[TimeControl "180+2"]
[EndTime "14:36:47 PDT"]
[Termination "feigelag won by resignation"]

1. Nf3 d5 2. g3 e6 3. Bg2 Bd6 4.
O-O Nf6 5. c4 O-O 6. d4 c6 7.
Qc2 Nbd7 8. Nbd2 Re8 9. e4 dxe4 10. Nxe4 Nxe4 11. Qxe4 e5 12. Re1 Nf6 13. Qh4 e4 14.
Ng5 Bf5 15. Be3 h6 16. Nh3 Be7 17. Nf4 Ng4 0-1

[Event "*** Qualifier 2: Titled Tuesday 3|2 Blitz"]
[Site "Chess.com"]
[Date "2017.04.11"]
[Round "7"]
[White "Wolverine_master"]
[Black "jeaston1"]
[Result "0-1"]
[WhiteElo "1968"]
[BlackElo "2092"]
[TimeControl "180+2"]
[EndTime "14:36:57 PDT"]
[Termination "jeaston1 won by resignation"]

1. e4 c5 2. Nf3 Nc6 3. d4 cxd4 4.
Nxd4 Nf6 5. Nc3 e5 6. Ndb5 d6 7.
Bg5 a6 8. Na3 b5 9. Nd5 Be7 10.
Nxe7 Qxe7 11. c3 O-O 12. Bd3 Be6 13. O-O Rad8 14. f4 exf4 15. Rxf4 Ne5 16. Qf1 Qa7+ 17.
Kh1 Nh5 18. Bxd8 Nxf4 19. Bc2 Ng4 20. h3 Nf2+ 21. Kh2 Rxd8 22. Kg3 Qe3+ 23. Kh2 N4xh3 24.
gxh3 Bxh3 25. Qg1 Ng4+ 26. Kh1 Qf3+ 0-1

[Event "*** Qualifier 2: Titled Tuesday 3|2 Blitz"]
[Site "Chess.com"]
[Date "2017.04.11"]
[Round "7"]
[White "FearNoEvil12"]
[Black "PowerThinking2650"]
[Result "1-0"]
[WhiteElo "2085"]
[BlackElo "2191"]
[TimeControl "180+2"]
[EndTime "14:37:22 PDT"]
[Termination "FearNoEvil12 won by resignation"]

1. e4 e5 2. d4 exd4 3. Bc4 Nc6 4.
Nf3 Nf6 5. e5 d5 6. Bb5 Ne4 7.
Nxd4 Bd7 8. Bxc6 bxc6 9. O-O Bc5 10. f3 Ng5 11. f4 Ne4 12. Nc3 Nxc3 13. bxc3 Bb6 14. Be3 O-O 15. Qd2 f6 16. Rae1 fxe5 17. fxe5 Qe7 18. Bg5 Qe6 19. Qe3 Qg6 20. e6 Rxf1+ 21.
Kxf1 Rf8+ 22. Kg1 Be8 23. e7 Rf5 24. Bh4 c5 25. Nxf5 Qxf5 26. Rf1 c4 27. Rxf5 Bxe3+ 28. Kf1 Bf7 29. Bf2 Bxf2 30. Kxf2 c6 31. Ke3 g6 32.
Rf6 Kg7 33. Rxc6 1-0

[Event "*** Qualifier 2: Titled Tuesday 3|2 Blitz"]
[Site "Chess.com"]
[Date "2017.04.11"]
[Round "7"]
[White "Generalas"]
[Black "Saitama_Hero"]
[Result "0-1"]
[WhiteElo "2214"]
[BlackElo "2185"]
[TimeControl "180+2"]
[EndTime "14:37:33 PDT"]
[Termination "Saitama_Hero won on time"]

1. Nf3 Nf6 2. g3 g6 3. b3 Bg7 4.
Bb2 O-O 5. Bg2 d6 6. O-O e5 7. c4 c5 8. d3 Nc6 9. h3 h6 10. Nbd2 Be6 11. Ne4 Ne8 12. e3 Qd7 13. Kh2 f5 14. Ned2 Nf6 15. d4 e4 16. Ng1 cxd4 17.
exd4 d5 18. c5 f4 19. gxf4 Nh5 20. Ne2 Qc7 21. b4 Nxf4 22. Ng3 Nxb4 23. Qb3 Nbd3 24. Ndxe4 dxe4 25. d5 Bxd5 26. Qc2 Bxb2 27. Rab1 Be5 28. Bxe4 Bxe4 29. Nxe4 Qd7 30. Qc4+ Kg7 0-1

[Event "*** Qualifier 2: Titled Tuesday 3|2 Blitz"]
[Site "Chess.com"]
[Date "2017.04.11"]
[Round "7"]
[White "Tolya2"]
[Black "MartinMatthiesen"]
[Result "0-1"]
[WhiteElo "2305"]
[BlackElo "2257"]
[TimeControl "180+2"]
[EndTime "14:37:51 PDT"]
[Termination "MartinMatthiesen won by checkmate"]

1. Nf3 c5 2. c4 Nc6 3. Nc3 g6 4.
g3 Bg7 5. Bg2 e6 6. e3 Nge7 7.
O-O O-O 8. d4 cxd4 9. Nxd4 d5 10. cxd5 Nxd4 11. exd4 Nxd5 12. Qb3 Nxc3 13. bxc3 e5 14.
d5 Rb8 15. c4 b6 16. c5 Ba6 17. c6 Bxf1 18. Kxf1 e4 19. Rb1 Re8 20. Bf4 Be5 21.
Be3 Bd6 22. Qa4 Bc5 23. Bf4 Qxd5 24. Bxb8 Qd3+ 25. Kg1 Qxb1+ 26. Bf1 Bxf2+ 27. Kxf2 e3+ 28. Kg2 e2 29. Bxe2 Rxe2+ 30. Kf3 Qf1+ 31. Kg4 Qf5+ 32. Kh4 Rxh2# 0-1

[Event "*** Qualifier 2: Titled Tuesday 3|2 Blitz"]
[Site "Chess.com"]
[Date "2017.04.11"]
[Round "7"]
[White "Ginger_GM"]
[Black "Grebeniuk-S"]
[Result "1-0"]
[WhiteElo "2445"]
[BlackElo "2394"]
[TimeControl "180+2"]
[EndTime "14:37:52 PDT"]
[Termination "Ginger_GM won by resignation"]

1. e4 d5 2. exd5 Qxd5 3. Nc3 Qa5 4. Bc4 Nf6 5. d3 c6 6. Bd2 Qc7 7. Qe2 g6 8. Nf3 Bg7 9. h4 Bg4 10. Bxf7+ Kxf7 11. Ne5+ Qxe5 12. Qxe5 Rd8 13. f3 Nbd7 14.
Qe2 Bf5 15. g4 Be6 16. h5 gxh5 17. g5 Nd5 18. Rxh5 Bf5 19. O-O-O Bg6 20. Rh4 Nc5 21. Re1 Kg8 22. Ne4 Ne6 23. Nf6+ Bxf6 24. Qxe6+ Bf7 25.
Qh3 Bg7 26. Rxh7 Bg6 27. Qe6+ Bf7 28. Rxg7+ Kxg7 29. Qh6+ Kg8 30. Rh1 1-0

[Event "*** Qualifier 2: Titled Tuesday 3|2 Blitz"]
[Site "Chess.com"]
[Date "2017.04.11"]
[Round "7"]
[White "Gabrielian_Artur"]
[Black "Lector118"]
[Result "0-1"]
[WhiteElo "2596"]
[BlackElo "2435"]
[TimeControl "180+2"]
[EndTime "14:38:04 PDT"]
[Termination "Lector118 won by resignation"]

1. d4 Nf6 2. c4 g6 3. Nc3 Bg7 4.
Nf3 d6 5. Bg5 O-O 6. e3 c5 7. d5 Bf5 8. Be2 Qb6 9. Qb3 Qxb3 10.
axb3 h6 11. Bh4 g5 12. Bg3 Ne4 13. Nxe4 Bxe4 14. Ra2 Na6 15. Nd2 Bxg2 16. Rg1 Bh3 17. f4 Nb4 18. Ra4 Bd7 19. Rxb4 cxb4 20. h4 g4 21. e4 Bxb2 22. f5 h5 23. Bf4 Bf6 24.
Bg3 a5 25. c5 Be5 26. Bxe5 dxe5 27. Nc4 Bb5 28. Nb6 Bxe2 29. Kxe2 Ra6 30. Kd3 Rxb6 31.
cxb6 Rc8 32. Ra1 Rc5 33. Ke2 Kf8 34. Rd1 Rc2+ 35. Ke3 Rc3+ 36. Kf2 Rxb3 37. f6 exf6 38. Ra1 Ra3 39. Rc1 Rc3 40. Ra1 Rc5 41. Ke2 b3 42. Kd3 b2 43. Rb1 Rb5 44. Kc4 Rb4+ 45. Kc5 Ke7 46. d6+ Kd7 47. Kd5 Rxb6 0-1

[Event "*** Qualifier 2: Titled Tuesday 3|2 Blitz"]
[Site "Chess.com"]
[Date "2017.04.11"]
[Round "7"]
[White "1e41-0"]
[Black "Robin-Side"]
[Result "1-0"]
[WhiteElo "2318"]
[BlackElo "2382"]
[TimeControl "180+2"]
[EndTime "14:38:07 PDT"]
[Termination "1e41-0 won by resignation"]

1. d4 Nf6 2. c4 g6 3. Nc3 d5 4.
Bg5 Ne4 5. cxd5 Nxg5 6. h4 Ne4 7. Nxe4 Qxd5 8. Nc3 Qa5 9. Rc1 Bg7 10. e3 c5 11.
Qa4+ Qxa4 12. Nxa4 b6 13. dxc5 bxc5 14. Nxc5 Bxb2 15.
Bb5+ Kf8 16. Rc2 Ba3 17. h5 gxh5 18. Rxh5 Kg7 19. Nf3 h6 20. Rh4 a6 21. Ba4 Bf5 22. e4 Bg6 23. Ne5 Rc8 24. Ne6+ Kf6 25. Rxc8 Kxe5 26.
Nc7 Ra7 27. Nd5 Bxe4 28. Nc3 Bb4 29. Rxe4+ Kf5 30. Rxb4 1-0

[Event "*** Qualifier 2: Titled Tuesday 3|2 Blitz"]
[Site "Chess.com"]
[Date "2017.04.11"]
[Round "7"]
[White "luisgui16"]
[Black "DiogenesSinopeus"]
[Result "0-1"]
[WhiteElo "2131"]
[BlackElo "2286"]
[TimeControl "180+2"]
[EndTime "14:38:16 PDT"]
[Termination "DiogenesSinopeus won by checkmate"]

1. e4 e5 2. Nf3 Nc6 3. d4 exd4 4.
Bc4 Nf6 5. e5 Ng4 6. O-O d6 7.
exd6 Bxd6 8. h3 Nge5 9. Nxe5 Nxe5 10. Bb3 O-O 11. Nd2 Bf5 12. Re1 Qf6 13. Nf1 Rfe8 14. Ng3 Bg6 15. h4 Qxh4 16. Nf1 Bh5 17. Qd2 Nf3+ 18.
gxf3 Bxf3 19. Ng3 Bxg3 20. fxg3 Qh1+ 21. Kf2 Qg2# 0-1

[Event "*** Qualifier 2: Titled Tuesday 3|2 Blitz"]
[Site "Chess.com"]
[Date "2017.04.11"]
[Round "7"]
[White "aa175"]
[Black "nickmatta"]
[Result "0-1"]
[WhiteElo "1865"]
[BlackElo "2283"]
[TimeControl "180+2"]
[EndTime "14:38:19 PDT"]
[Termination "nickmatta won by checkmate"]

1. e4 c5 2. Nf3 d6 3. d4 cxd4 4.
Nxd4 Nf6 5. Nc3 a6 6. Be3 e5 7. Nb3 Be6 8. Nd5 Nbd7 9. a4 Nxe4 10. Bc4 Rc8 11. Qe2 Nef6 12. Rd1 Rxc4 13. Qxc4 Nxd5 14. Rxd5 Nf6 15. Na5 Bxd5 16. Qd3 Qxa5+ 17. Bd2 Qxa4 18. c4 Qxc4 19. Qa3 Bxg2 20. Rg1 Bf3 21. Qxf3 Qe4+ 22. Qe3 Qxe3+ 23. Bxe3 g6 24. Ke2 Bg7 25. Rc1 Kd7 26. Rd1 d5 27. Bg5 d4 28. f4 Ne4 29. Bh4 exf4 30.
Kf3 Nd6 31. Kxf4 Re8 32. Bf2 Re4+ 33. Kf3 f5 34. Bg3 Re3+ 35. Kf2 Ne4+ 36. Kg2 Nxg3 37.
hxg3 Rb3 38. Rd2 d3 39. Kf3 Bxb2 40. Ke3 Bc1 41. g4 Rb2 42. gxf5 Bxd2+ 43. Kxd3 gxf5 44. Kd4 Bf4 45. Kc3 Re2 46. Kd3 Re4 47. Kc3 Bb8 48.
Kd3 Kd6 49. Kc3 Kd5 50. Kd3 Ke5 51. Kc3 Rd4 52. Kb3 Kd5 53. Kc2 Kc4 54. Kb2 Rd3 55. Kc2 Kd4 56. Kb2 Rc3 57. Kb1 Kc4 58.
Kb2 Kb4 59. Kb1 Kb3 60. Ka1 Rc1# 0-1

[Event "*** Qualifier 2: Titled Tuesday 3|2 Blitz"]
[Site "Chess.com"]
[Date "2017.04.11"]
[Round "7"]
[White "alturas_pacificas"]
[Black "Alexander_Donchenko"]
[Result "0-1"]
[WhiteElo "2141"]
[BlackElo "2566"]
[TimeControl "180+2"]
[EndTime "14:38:23 PDT"]
[Termination "Alexander_Donchenko won by resignation"]

1. d4 Nf6 2. Bf4 c5 3. d5 g6 4. Nc3 Bg7 5. e4 d6 6. Bb5+ Bd7 7. a4 O-O 8. Nf3 Na6 9. O-O Nb4 10. Bxd7 Nxd7 11.
Re1 a6 12. e5 dxe5 13. Nxe5 Nf6 14. Bg5 Nfxd5 15. Nxd5 Nxd5 16. c4 Nb4 17. Bxe7 Qxe7 18. Nxg6 Qg5 19. Nxf8 Rxf8 20. Ra3 Kh8 21. Rg3 Qf5 22.
Qd6 Nc2 23. Re7 Nd4 24. h3 Bf6 25. Rxb7 Re8 26. Rxf7 Be5 27. Rxf5 Bxd6 28. Rg4 Nxf5 0-1

[Event "*** Qualifier 2: Titled Tuesday 3|2 Blitz"]
[Site "Chess.com"]
[Date "2017.04.11"]
[Round "7"]
[White "oskariot"]
[Black "Blitzstream"]
[Result "1-0"]
[WhiteElo "2420"]
[BlackElo "2468"]
[TimeControl "180+2"]
[EndTime "14:38:27 PDT"]
[Termination "oskariot won by resignation"]

1. c4 b5 2. cxb5 a6 3. bxa6 Bxa6 4. Nf3 Nf6 5. g3 h5 6. Bg2 Nc6 7. d3 e6 8. Nc3 Bc5 9. Bg5 Qb8 10. Qd2 Ng4 11. d4 Ba7 12. h3 Nf6 13. Bxf6 gxf6 14. Ne4 f5 15. Nc5 Bc8 16. O-O Qb4 17. Qxb4 Nxb4 18. a3 Nc6 19. Rfc1 Rb8 20. b4 h4 21.
gxh4 Rg8 22. Kh2 d6 23. Nxe6 fxe6 24. Rxc6 Bb7 25. Rxc7 Bxd4 26. Rxb7 Rxb7 27. Nxd4 Rbg7 28. Bf3 Ke7 29. Rc1 Kf6 30. Rc6 e5 31. Rxd6+ Ke7 32. Nxf5+ 1-0

[Event "*** Qualifier 2: Titled Tuesday 3|2 Blitz"]
[Site "Chess.com"]
[Date "2017.04.11"]
[Round "7"]
[White "tigra"]
[Black "evgenyermolaev"]
[Result "1-0"]
[WhiteElo "2616"]
[BlackElo "2370"]
[TimeControl "180+2"]
[EndTime "14:38:34 PDT"]
[Termination "tigra won by resignation"]

1. e4 c5 2. Nf3 d6 3. Bb5+ Nd7 4. c3 a6 5. Ba4 b5 6. Bc2 Bb7 7. O-O e5 8. Re1 Ngf6 9. d4 Be7 10.
a3 O-O 11. d5 c4 12. Nbd2 Nc5 13. Nf1 Re8 14. h3 Bf8 15. g4 a5 16. Ng3 g6 17.
Kg2 Kh8 18. Rh1 Qd7 19. Be3 Ra6 20. g5 Ng8 21. h4 b4 22. axb4 axb4 23. Rxa6 Bxa6 24.
Bxc5 dxc5 25. Ba4 Bb5 26. Bxb5 Qxb5 27. h5 Bd6 28. Nh4 Ne7 29. hxg6 fxg6 30. Nxg6+ Nxg6 31. Rxh7+ Kxh7 32. Qh5+ Kg8 33. Qxg6+ Kh8 34. Qh6+ Kg8 35. Nh5 Bf8 36. Qg6+ Kh8 37. Nf6 1-0

[Event "*** Qualifier 2: Titled Tuesday 3|2 Blitz"]
[Site "Chess.com"]
[Date "2017.04.11"]
[Round "7"]
[White "talaicito"]
[Black "ruvat"]
[Result "0-1"]
[WhiteElo "2026"]
[BlackElo "2223"]
[TimeControl "180+2"]
[EndTime "14:38:46 PDT"]
[Termination "ruvat won by checkmate"]

1. e4 d6 2. d4 Nf6 3. Nc3 g6 4. g3 Bg7 5. Bg2 O-O 6. Nge2 e5 7. h3 c6 8. O-O b5 9. a3 a6 10. Bg5 Nbd7 11. Qd2 Bb7 12. Rad1 Re8 13. Bh6 Bxh6 14. Qxh6 Qe7 15. f4 exd4 16. Nxd4 c5 17. e5 Bxg2 18.
exf6 Qxf6 19. Kxg2 cxd4 20. Nd5 Qg7 21. Qxg7+ Kxg7 22.
Nc7 Re2+ 23. Kf3 Re3+ 24. Kf2 Rc8 25. Nxa6 Rxc2+ 26. Kg1 Rxg3+ 27. Kh1 Rxh3+ 28. Kg1 Rhh2 29. Rfe1 Nf6 30. Nb4 Rcg2+ 31. Kf1 Rxb2 32. Kg1 Nh5 33. Rxd4 Rbg2+ 34. Kf1 Ng3# 0-1

[Event "*** Qualifier 2: Titled Tuesday 3|2 Blitz"]
[Site "Chess.com"]
[Date "2017.04.11"]
[Round "7"]
[White "Konavets"]
[Black "Kacparov"]
[Result "0-1"]
[WhiteElo "2598"]
[BlackElo "2615"]
[TimeControl "180+2"]
[EndTime "14:38:47 PDT"]
[Termination "Kacparov won by resignation"]

1. e4 c5 2. Nf3 Nc6 3. Bb5 g6 4.
O-O Bg7 5. Re1 d6 6. c3 Bg4 7. h3 Bxf3 8. Qxf3 Rc8 9. d3 a6 10. Ba4 Nf6 11. Be3 O-O 12. Nd2 b5 13. Bb3 e6 14. Qe2 Re8 15. Rac1 Qb6 16. Nf3 d5 17. e5 Nd7 18. d4 cxd4 19. cxd4 Na5 20. Nh2 Nxb3 21. axb3 f5 22. exf6 Nxf6 23. Ng4 Nxg4 24.
Qxg4 Rxc1 25. Rxc1 Qd6 26. Bf4 Qb4 27. Be3 Qd6 28.
h4 e5 29. Rc8 Qf8 30. Rc5 exd4 31. Bxd4 Re4 32. Qd7 Bxd4 33. Rc8 Bxf2+ 34. Kh2 Rxh4+ 0-1

[Event "*** Qualifier 2: Titled Tuesday 3|2 Blitz"]
[Site "Chess.com"]
[Date "2017.04.11"]
[Round "7"]
[White "dhanushbharadwaj"]
[Black "Spartakus1975"]
[Result "0-1"]
[WhiteElo "2332"]
[BlackElo "2541"]
[TimeControl "180+2"]
[EndTime "14:38:48 PDT"]
[Termination "Spartakus1975 won by resignation"]

1. Nf3 d5 2. c4 c6 3. e3 Nf6 4. Nc3 a6 5. b3 Bg4 6. Bb2 Nbd7 7. h3 Bh5 8. Be2 e5 9. cxd5 cxd5 10.
O-O Bd6 11. Rc1 O-O 12. d4 e4 13. Nd2 Bg6 14. a3 Qe7 15. b4 Rac8 16. Nb3 Bb8 17. Nc5 Qd6 18. g3 Bf5 19. Kg2 h5 20. Nxb7 Qe6 21.
Rh1 g6 22. Nc5 Qd6 23. Nxd7 Bxd7 24. Qb3 h4 25. g4 Be6 26. Qa4 Nh7 27. Qxa6 Qe7 28. Nxd5 Qg5 29. Nc3 Nf6 30. Qb7 Rxc3 31. Bxc3 Nd5 32. Bd2 f5 33. Qc6 Bf7 34. Kf1 f4 35.
Ke1 fxe3 36. fxe3 Bg3+ 37. Kd1 Nxe3+ 38. Bxe3 Qxe3 39. Qc3 Bb3+ 40. Qxb3+ Qxb3+ 0-1

[Event "*** Qualifier 2: Titled Tuesday 3|2 Blitz"]
[Site "Chess.com"]
[Date "2017.04.11"]
[Round "7"]
[White "chesstatour"]
[Black "andreimacovei2000"]
[Result "0-1"]
[WhiteElo "1947"]
[BlackElo "2393"]
[TimeControl "180+2"]
[EndTime "14:38:51 PDT"]
[Termination "andreimacovei2000 won on time"]

1. c4 c5 2. Nc3 Nc6 3. Nf3 g6 4.
g3 Bg7 5. Bg2 e6 6. O-O Nge7 7. d3 O-O 8. Rb1 d5 9. cxd5 exd5 10. Na4 b6 11. Be3 d4 12. Bd2 Be6 13.
a3 Ba2 14. Ra1 Bd5 15. b4 c4 16. dxc4 Bxc4 17. Rc1 Bd5 18. b5 Ne5 19. Bb4 Re8 20.
Nxd4 Bxg2 21. Kxg2 Nd5 22. Nc6 Nxc6 23. bxc6 Qg5 24. h4 Qg4 25. Qxd5 Rxe2 26. Qf3 Qe6 27. Nc3 Re5 28. c7 Rc8 29. Nb5 Rxb5 30. Rfe1 Re5 31.
Rxe5 Bxe5 32. Qb7 Qd7 33. Qxa7 Rxc7 34. Rxc7 Qxc7 35. Qa8+ Kg7 36. Qf8+ Kf6 37. Qh8+ Kf5 38. Qxh7 Qb7+ 39. Kg1 Kg4 40. Qh6 Qe4 41. Qg5+ Kf3 0-1

[Event "*** Qualifier 2: Titled Tuesday 3|2 Blitz"]
[Site "Chess.com"]
[Date "2017.04.11"]
[Round "7"]
[White "afgano29"]
[Black "amaidel"]
[Result "1-0"]
[WhiteElo "2384"]
[BlackElo "2439"]
[TimeControl "180+2"]
[EndTime "14:38:56 PDT"]
[Termination "afgano29 won by resignation"]

1. e4 e6 2. d4 d5 3. Nc3 Bb4 4.
e5 Ne7 5. Nf3 O-O 6. Bd3 h6 7. Bd2 b6 8. Qc1 Bxc3 9. bxc3 Ng6 10. h4 f5 11. h5 Ne7 12. Rh3 Qe8 13. Rg3 Qxh5 14. Bxh6 Rf7 15. Bg5 Qh1+ 16. Ke2 Qxc1 17. Rxc1 Ba6 18. Rh3 Bxd3+ 19. cxd3 Ng6 20. Rch1 Nc6 21.
Nh4 Nf8 22. f4 g6 23. Nf3 Rh7 24. Bf6 Rxh3 25. Rxh3 Kf7 26. Ng5+ Ke8 27. Rh8 Rb8 28. Bg7 Ke7 29. Bxf8+ Rxf8 30. Rxf8 Kxf8 31. Nxe6+ Ke7 32. Nxc7 Kd7 33. Nxd5 Nd8 34. Nf6+ Ke6 35. d5+ Kf7 36. d4 Nb7 37. c4 Na5 38. Kd3 a6 39.
c5 b5 40. c6 Nc4 41. c7 Nb6 42. d6 1-0

[Event "*** Qualifier 2: Titled Tuesday 3|2 Blitz"]
[Site "Chess.com"]
[Date "2017.04.11"]
[Round "7"]
[White "XiaoKangZhong"]
[Black "Kozok"]
[Result "0-1"]
[WhiteElo "1937"]
[BlackElo "2281"]
[TimeControl "180+2"]
[EndTime "14:39:10 PDT"]
[Termination "Kozok won by checkmate"]

1. e4 c5 2. Nf3 e6 3. c3 d5 4. exd5 exd5 5. d4 Nf6 6. Bd3 Nc6 7. O-O cxd4 8. cxd4 Be7 9. Re1 O-O 10. Nc3 h6 11. a3 Bg4 12. Be3 Qb6 13. b4 a5 14.
b5 Nd8 15. Na4 Qd6 16. Nc5 b6 17. Nb3 Ne6 18. a4 Ne4 19. h3 Nc3 20. Qc2 Bxf3 21. Qxc3 Rac8 22. Qd2 Bh5 23. Rec1 Bg6 24. Bxg6 fxg6 25.
Qd3 Nf4 26. Bxf4 Qxf4 27. Qe3 Qxe3 28. fxe3 Bg5 29. Rxc8 Bxe3+ 30. Kh2 Rxc8 31. Re1 Rc3 32. Na1 Bxd4 33. Rd1 Be5+ 34. g3 Rxg3 35. Kh1 Rxh3+ 36. Kg2 Rg3+ 37. Kf2 Ra3 38. Nc2 Ra2 39. Rd2 Bc3 40. Re2 d4 41. Ne1 Bxe1+ 42. Kxe1 Rxe2+ 43. Kxe2 h5 44. Kd3 h4 45. Ke4 h3 46. Kf3 d3 47. Kg3 d2 48. Kxh3 d1=Q 49. Kg3 Qxa4 50. Kf3 Qxb5 51.
Ke4 a4 52. Kd4 a3 53. Kc3 a2 54. Kc2 a1=Q 55. Kd2 Qa2+ 56. Kc3 Qbc4# 0-1

[Event "*** Qualifier 2: Titled Tuesday 3|2 Blitz"]
[Site "Chess.com"]
[Date "2017.04.11"]
[Round "7"]
[White "rasmussvane"]
[Black "Bugcrusher"]
[Result "0-1"]
[WhiteElo "2509"]
[BlackElo "2415"]
[TimeControl "180+2"]
[EndTime "14:39:16 PDT"]
[Termination "Bugcrusher won by resignation"]

1. Nf3 d5 2. d4 Nf6 3. c4 c6 4. e3 Bf5 5. Nc3 e6 6. Nh4 Be4 7. f3 Bg6 8. Qb3 Qb6 9. Bd2 Qxb3 10. axb3 Bc2 11. cxd5 exd5 12. Na4 Nbd7 13. g4 Bxb3 14.
g5 Nh5 15. f4 g6 16. Bh3 f5 17. Nf3 Ng7 18. Ne5 Nxe5 19. dxe5 O-O-O 20. Nc3 a6 21. Ne2 c5 22. Ba5 Rd7 23. Rc1 Ne6 24. Nd4 Nxd4 25. exd4 c4 26. Bg2 Be7 27. Kf2 b5 28. h4 h5 29. e6 Rd6 30. Bb4 Rxe6 31.
Bxd5 Rd6 32. Be6+ Rxe6 33. d5 Re4 34. d6 Bd8 35. Rhe1 Bb6+ 36. Kg3 Rhe8 37. Rxe4 Rxe4 38. Bc3 Kd7 39. Be5 Bc5 40. Ra1 Ba4 41. Rd1 0-1

[Event "*** Qualifier 2: Titled Tuesday 3|2 Blitz"]
[Site "Chess.com"]
[Date "2017.04.11"]
[Round "7"]
[White "MasterLeif"]
[Black "Outsmiter"]
[Result "1-0"]
[WhiteElo "2302"]
[BlackElo "2102"]
[TimeControl "180+2"]
[EndTime "14:39:16 PDT"]
[Termination "MasterLeif won by resignation"]

1. d4 d6 2. e4 Nf6 3. Nc3 g6 4.
Be2 Bg7 5. Nf3 O-O 6. h3 b6 7. O-O Nfd7 8. Be3 Bb7 9. Qd2 c5 10.
Rad1 cxd4 11. Bxd4 Nc6 12. Bxg7 Kxg7 13. Rfe1 a6 14. Qe3 Qb8 15. Nd5 b5 16. Nd4 Re8 17.
Nxc6 Bxc6 18. Qc3+ Ne5 19. f4 Qa7+ 20. Kh2 Bxd5 21. fxe5 Rac8 22. Qd2 Bxe4 23. exd6 exd6 24. c3 d5 25. Rf1 Qc7+ 26. Kh1 Qg3 27. Bf3 Rc4 28.
Bxe4 dxe4 29. Rxf7+ Kxf7 30. Qd7+ Kf6 31. Qxe8 e3 32.
Qd8+ Kg7 33. Rd7+ Kh6 34. Qf8+ Kg5 35. Rd5+ 1-0

[Event "*** Qualifier 2: Titled Tuesday 3|2 Blitz"]
[Site "Chess.com"]
[Date "2017.04.11"]
[Round "7"]
[White "TomsKantans"]
[Black "PelinGorki"]
[Result "1-0"]
[WhiteElo "2489"]
[BlackElo "2391"]
[TimeControl "180+2"]
[EndTime "14:39:21 PDT"]
[Termination "TomsKantans won by resignation"]

1. e4 d6 2. d4 Nf6 3. Nc3 c6 4.
a4 a5 5. Nf3 Bg4 6. Be3 e6 7.
h3 Bh5 8. Bd3 d5 9. O-O Be7 10. e5 Nfd7 11. Be2 Na6 12. Ne1 Bg6 13. f4 c5 14. Nb5 cxd4 15. Nxd4 Be4 16. Nd3 Ndc5 17.
Nf2 O-O 18. c3 Rc8 19. Qd2 Bh4 20. b4 Nd7 21. Nxe4 dxe4 22. Rfd1 axb4 23. cxb4 Qe7 24.
Rab1 Rfd8 25. a5 Nf8 26. Qb2 Nc7 27. Nb5 Nd5 28. Bc5 Rxc5 29. bxc5 Qxc5+ 30. Qd4 Qxd4+ 31. Rxd4 Nxf4 32. Bf1 N8g6 33. g3 Bxg3 1-0

[Event "*** Qualifier 2: Titled Tuesday 3|2 Blitz"]
[Site "Chess.com"]
[Date "2017.04.11"]
[Round "7"]
[White "prochn"]
[Black "GM_Splinter"]
[Result "0-1"]
[WhiteElo "2165"]
[BlackElo "2355"]
[TimeControl "180+2"]
[EndTime "14:39:21 PDT"]
[Termination "GM_Splinter won by resignation"]

1. d4 f5 2. g3 Nf6 3. Bg2 g6 4.
h4 Bg7 5. h5 Nxh5 6. e4 Nf6 7.
e5 Ng8 8. Nc3 d6 9. Qe2 Nc6 10.
Nf3 dxe5 11. dxe5 Nd4 12. Nxd4 Qxd4 13. Bf4 e6 14. Nb5 Qb6 15. O-O-O a6 16. Be3 Qxb5 17.
c4 Qxe5 18. Qd2 Ne7 19. Bf4 Qc5 20. g4 O-O 21. Bh6 Qe5 22. f4 Qf6 23. g5 Qf7 24. Bxg7 Qxg7 25. Rh3 e5 26. Rdh1 e4 27. Bf1 Be6 28. Qh2 Rf7 29. Rh6 Rd8 30.
Qh3 Qd4 31. Be2 Qd2+ 32. Kb1 Qxe2 0-1

[Event "*** Qualifier 2: Titled Tuesday 3|2 Blitz"]
[Site "Chess.com"]
[Date "2017.04.11"]
[Round "7"]
[White "ehrenfeld"]
[Black "kleinebeer98"]
[Result "0-1"]
[WhiteElo "2320"]
[BlackElo "2470"]
[TimeControl "180+2"]
[EndTime "14:39:24 PDT"]
[Termination "kleinebeer98 won by resignation"]

1. e4 e5 2. Nc3 Nc6 3. Bc4 Bc5 4.
Qg4 g6 5. Qf3 f5 6. exf5 Nd4 7.
Qd1 Nf6 8. Nf3 d5 9. Bb3 Bxf5 10. O-O Bg4 11. d3 O-O 12. Be3 c6 13. Bxd4 Bxd4 14. h3 Bxf3 15. Qxf3 Kg7 16. Qd1 Nh5 17. Ne2 Bb6 18.
c3 Qh4 19. d4 Rae8 20. Qd2 Nf4 21. Nxf4 Rxf4 22. Rae1 Rf5 23. Rxe5 Rexe5 24. dxe5 Rg5 25. Qd3 Rg3 0-1